 Dungeon Crawl Stone Soup version 0.16.1-5-gaa23807 (webtiles) character file.

109 Fluffy the Chopper (level 4, 0/39 HPs)
             Began as a Hill Orc Fighter on Mar 28, 2015.
             Slain by EmilioHeskey's ghost (3 damage)
             ... on level 3 of the Dungeon.
             The game lasted 00:03:53 (1631 turns).

Fluffy the Chopper (Hill Orc Fighter)               Turns: 1631, Time: 00:03:53

Health: 0/39       AC: 12    Str: 19    XL:     4   Next: 90%
Magic:  4/4        EV:  5    Int:  8    God:
Gold:   155        SH:  9    Dex: 10    Spells: 0 memorised, 3 levels left

rFire  . . .     SeeInvis .     a - +0 war axe
rCold  . . .     Clarity  .     i - +0 chain mail
rNeg   . . .     SustAb   .     c - +0 shield
rPois  .         Gourm    .     k - +1 hat
rElec  .         Spirit   .     n - +0 cloak
rCorr  .         Warding  .     u - +0 pair of gloves
rMut   +         Stasis   .     (no boots)
MR     .....                    f - amulet of resist mutation
Stlth  ..........               (no ring)
                                (no ring)

@: not resistant to hostile enchantments, extremely unstealthy
A: no striking features
a: no special abilities


You were on level 3 of the Dungeon.
You were hungry.

You visited 1 branch of the dungeon, and saw 3 of its levels.

You collected 155 gold pieces.

Inventory:

Hand weapons
 a - a +0 war axe (weapon)
Armour
 c - a +0 shield (worn)
 i - a +0 chain mail (worn)
 k - a +1 hat (worn)
 n - a +0 cloak (worn)
 u - a +0 pair of gloves (worn)
Jewellery
 f - an amulet of resist mutation (around neck)
Scrolls
 h - 2 scrolls of fog {unknown}
 l - a scroll of recharging {unknown}
 m - a scroll of teleportation {unknown}
 s - 3 scrolls of identify {unknown}
Potions
 e - a potion of might
 g - 2 potions of restore abilities {unknown}
 o - a potion of heal wounds {unknown}
 p - 2 potions of haste {unknown}
 q - 2 potions of agility {unknown}
 r - a potion of curing {unknown}
Comestibles
 b - a beef jerky
 d - a meat ration
 j - a slice of pizza
 t - 2 fruits


   Skills:
 - Level 3.6 Fighting
 + Level 6.5 Axes
 - Level 3.2 Armour
 - Level 3.2 Shields


You had 3 spell levels left.
You didn't know any spells.

Dungeon Overview and Level Annotations

Branches:
Dungeon (3/15)

Altars:
Fedhas

Annotations:
D:3 EmilioHeskey's ghost, average OgBe


Message History

EmilioHeskey's ghost is severely damaged.
EmilioHeskey's ghost hits you.
Your shield and chain mail prevent you from hitting EmilioHeskey's ghost.
EmilioHeskey's ghost is severely damaged.
You block EmilioHeskey's ghost's attack.
Your shield and chain mail prevent you from hitting EmilioHeskey's ghost.
EmilioHeskey's ghost is severely damaged.
You block EmilioHeskey's ghost's attack.
Your shield prevents you from hitting EmilioHeskey's ghost.
EmilioHeskey's ghost is severely damaged.
EmilioHeskey's ghost hits you.
* * * LOW HITPOINT WARNING * * *
EmilioHeskey's ghost says, "They'll have to sweep you off the floor after I'm finished with you!"
EmilioHeskey's ghost barely misses you.
You closely miss EmilioHeskey's ghost.
EmilioHeskey's ghost is severely damaged.
EmilioHeskey's ghost hits you!
* * * LOW HITPOINT WARNING * * *
EmilioHeskey's ghost hits you.
You die...

### ..#############
..#............
..#.#......##########....
...............W@........
..).#.####.#########..... ..###.#
#.######### . ..# #.# #.........#
# ..# #.# #########.# .# #####.#
#.# ###.#.# ......# #.# #.....
...####.#####.####.###.#.#####..
...'.............................


You could see EmilioHeskey's ghost.

Vanquished Creatures
  4 adders
  A worm (D:3)
  2 giant geckos (D:1)
  An orc (D:3)
  2 ball pythons (D:2)
  5 bats
  3 giant cockroaches (D:3)
  8 hobgoblins
  9 jackals
  2 quokkas (D:2)
  2 giant newts
  8 goblins
  8 kobolds
  6 rats
61 creatures vanquished.

Notes
Turn   | Place    | Note
--------------------------------------------------------------
     0 | D:1      | Fluffy, the Hill Orc Fighter, began the quest for the Orb.
     0 | D:1      | Reached XP level 1. HP: 19/19 MP: 1/1
   136 | D:1      | Reached XP level 2. HP: 26/26 MP: 2/2
   152 | D:1      | Reached skill level 4 in Axes
   219 | D:1      | Reached XP level 3. HP: 17/31 MP: 3/3
   673 | D:2      | Reached skill level 5 in Axes
  1097 | D:2      | Found a blossoming altar of Fedhas.
  1102 | D:2      | Reached XP level 4. HP: 35/39 MP: 4/4
  1220 | D:3      | Reached skill level 6 in Axes
  1575 | D:3      | Noticed EmilioHeskey's ghost (average OgBe)
  1631 | D:3      | Slain by EmilioHeskey's ghost

Action                   |  1- 3 |  4- 6 || total
-------------------------+-------+-------++-------
Melee: War axe           |   119 |    74 ||   193
  Eat: Chunk             |     1 |     1 ||     2
